AoeStats
← giannis

Arena

508609272Analyzed
4v4 RM · 8d ago on Sep 23, 2026· 66m 23s· 8 players
Game mode
Random Map
Map size
Large (8 player)
Population
200
Speed
Normal
Resources
Standard
Victory
Conquest
Starting age
Dark Age
Ending age
Imperial Age
RankedLock teamsTeams togetherTeam positionsShared explorationLock speedFull tech treeHidden civsTurbo modeCheats
Victory
Defeat
🇨🇳 Spanish · China
966
+11
🇨🇳 Saxons · China
956
+11
🇨🇳 Magyars · China
952
+11
🇹🇼 Mongols · Taiwan
950
+11
🇨🇳 Goths · China
947
-14
🇪🇨 Spanish · Ecuador
881
-12
🇬🇷 Bengalis · Greece
797
-9
775
-9
Pato
9:21 Loom
11:34 Feudal Age
15:35 Castle Age
19:58 Double-Bit Axe
27:30 Imperial Age
29:18 Wheelbarrow
28:49 Gold Mining
31:46 Hand Cart
32:27 Elite Conquistador
36:01 Padded Archer Armor
35:43 Horse Collar
36:15 Bow Saw
43:02 Chemistry
44:38 Bloodlines
44:28 Husbandry
43:49 Cavalier
44:43 Forging
44:38 Scale Barding Armor
44:41 Cavalier
45:59 Iron Casting
45:35 Heavy Plow
47:42 Two-Man Saw
46:26 Paladin
49:26 Blast Furnace
48:46 Chain Barding Armor
52:17 Plate Barding Armor
55:06 Leather Archer Armor
56:07 Light Cavalry
abcd312
0:30 Loom
11:41 Feudal Age
12:10 Horse Collar
12:19 Double-Bit Axe
19:28 Castle Age
18:19 Stone Mining
18:24 Gold Mining
20:43 Stone Shaft Mining
20:54 Wheelbarrow
20:07 Town Watch
29:19 Imperial Age
27:18 Heavy Plow
29:37 Anarchy
29:04 Pikeman
31:52 Halberdier
32:32 Squires
32:55 Elite Huskarl
33:43 Treadmill Crane
35:29 Chemistry
35:05 Hand Cart
36:01 Perfusion
36:20 Town Patrol
36:35 Forging
36:31 Scale Barding Armor
36:27 Scale Mail Armor
36:42 Masonry
36:59 Ballistics
37:15 Capped Ram
39:09 Architecture
41:01 Iron Casting
40:42 Chain Mail Armor
40:48 Chain Barding Armor
40:15 Elite Skirmisher
41:49 Fletching
41:59 Padded Archer Armor
44:52 Chemistry
45:47 Blast Furnace
44:43 Bodkin Arrow
46:11 Man-at-Arms
giannis
11:18 Feudal Age
15:51 Castle Age
13:41 Double-Bit Axe
14:07 Horse Collar
22:40 Bow Saw
24:15 Fletching
24:25 Padded Archer Armor
24:32 Elite Skirmisher
29:27 Heavy Plow
30:33 Bodkin Arrow
30:53 Leather Archer Armor
30:07 Pikeman
30:48 Squires
30:33 Arson
31:25 Bloodlines
32:51 Leather Archer Armor
32:46 Forging
32:37 Scale Mail Armor
32:44 Scale Barding Armor
35:17 Chain Mail Armor
35:40 Iron Casting
35:51 Paiks
36:10 Chain Barding Armor
36:00 Husbandry
37:26 Ballistics
37:02 Murder Holes
39:42 Wheelbarrow
38:52 Town Watch
40:23 Chain Mail Armor
39:30 Man-at-Arms
40:10 Squires
40:27 Gambesons
43:25 Imperial Age
41:45 Fortified Wall
41:46 Masonry
41:16 Long Swordsman
43:29 Two-Handed Swordsman
47:04 Champion
PNAL | Franco El Proctologo
13:22 Loom
15:07 Feudal Age
20:33 Castle Age
21:40 Double-Bit Axe
21:37 Elite Skirmisher
27:34 Wheelbarrow
27:40 Wheelbarrow
27:40 Fletching
29:30 Horse Collar
30:05 Bodkin Arrow
30:10 Padded Archer Armor
32:20 Hand Cart
32:38 Thumb Ring
34:46 Heavy Plow
36:15 Forging
36:10 Scale Barding Armor
踏天南
10:13 Feudal Age
14:06 Castle Age
12:50 Double-Bit Axe
13:57 Horse Collar
21:44 Wheelbarrow
21:38 Bow Saw
22:54 Heavy Plow
24:49 Hand Cart
29:24 Imperial Age
27:16 Loom
28:41 Scale Mail Armor
28:53 Forging
29:23 Squires
29:08 Arson
29:23 Gambesons
29:40 Stone Mining
29:40 Gold Mining
30:58 Chain Mail Armor
31:19 Iron Casting
31:51 Chemistry
31:15 Conscription
30:21 Elite Varangian Guard
33:27 Gold Shaft Mining
33:16 Ballistics
32:52 Murder Holes
33:02 Siege Engineers
33:10 Fortified Wall
33:36 Plate Mail Armor
32:57 Fletching
33:46 Capped Ram
34:49 Siege Ram
36:19 Guard Tower
36:14 Arrowslits
38:13 Onager
38:19 Heavy Scorpion
40:49 Bodkin Arrow
40:55 Padded Archer Armor
41:02 Scale Barding Armor
41:36 Keep
41:12 Masonry
40:43 Treadmill Crane
41:40 Coinage
43:19 Bracer
43:52 Architecture
45:19 Hoardings
44:06 Shield Wall
44:10 Clerical Recruitment
46:02 Town Watch
47:26 Sappers
57:48 Spies/Treason
58:50 Cranequins
58:50 Heavy Mounted Crossbowman
59:36 Thumb Ring
62:28 Husbandry
62:39 Bloodlines
liu73123151
7:13 Loom
9:14 Feudal Age
12:02 Town Watch
17:48 Castle Age
16:12 Horse Collar
17:23 Double-Bit Axe
17:56 Stone Mining
20:42 Fletching
22:32 Bodkin Arrow
30:59 Imperial Age
30:05 Padded Archer Armor
29:58 Gold Mining
30:48 Bow Saw
31:51 Capped Ram
32:50 Siege Engineers
33:53 Bracer
35:21 Ballistics
36:39 Wheelbarrow
38:11 Chemistry
38:46 Gold Shaft Mining
38:44 Leather Archer Armor
39:03 Husbandry
40:17 Hand Cart
40:06 Town Patrol
40:42 Elite Mangudai
44:45 Parthian Tactics
44:45 Bloodlines
44:57 Nomads
47:14 Masonry
47:12 Scale Barding Armor
48:15 Elite Steppe Lancer
49:20 Chain Barding Armor
49:10 Forging
53:05 Drill
53:14 Light Cavalry
54:59 Hussar
56:20 Iron Casting
63:59 Blast Furnace
62:23 Spies/Treason
65:50 Fortified Wall
风吹奶罩飘
9:04 Loom
11:01 Feudal Age
13:02 Loom
15:41 Castle Age
15:43 Double-Bit Axe
17:11 Bow Saw
23:09 Bow Saw
22:42 Horse Collar
30:18 Gold Mining
32:39 Padded Archer Armor
32:30 Fletching
36:35 Imperial Age
36:45 Imperial Age
34:55 Wheelbarrow
35:07 Leather Archer Armor
34:48 Bodkin Arrow
35:22 Heavy Plow
35:59 Stone Mining
38:17 Conscription
37:20 Elite Conquistador
39:09 Hand Cart
40:57 Bracer
41:27 Ring Archer Armor
41:43 Ring Archer Armor
41:17 Caravan
41:35 Town Watch
42:27 Stone Shaft Mining
43:12 Town Patrol
44:28 Hoardings
45:48 Two-Man Saw
45:07 Forging
45:05 Scale Barding Armor
47:09 Ballistics
47:50 Chemistry
47:02 Masonry
46:58 Husbandry
47:08 Bloodlines
49:15 Fortified Wall
48:37 Cavalier
55:44 Thumb Ring
58:19 Paladin
64:47 Spies/Treason
Pay It Forward
1:14 Loom
11:03 Feudal Age
16:22 Castle Age
14:38 Double-Bit Axe
15:00 Horse Collar
22:06 Scale Barding Armor
27:08 Corvinian Army
28:50 Wheelbarrow
31:20 Chain Barding Armor
Connection lost

Rejoining the realm…

Still unreachable

The connection could not be restored.

Session expired

The server has moved on; the page needs a fresh start.